 Dungeon Crawl Stone Soup version 0.30.1-3-gfc49f6343a (webtiles) character file.

Game seed: 18402438722435056415

127 croobank the Ducker (level 5, -2/37 HPs)
             Began as an Octopode Monk on July 21, 2023.
             Was a Believer of Cheibriados.
             Killed from afar by an orc wizard (6 damage)
             ... with a magic dart
             ... on level 3 of the Dungeon.
             The game lasted 00:07:40 (1621 turns).

croobank the Ducker (Octopode Monk)                 Turns: 1621, Time: 00:07:41

Health: -2/37      AC:  1    Str: 16    XL:     5   Next: 11%
Magic:  5/5        EV: 15    Int: 20    God:    Cheibriados [**....]
Gold:   145        SH:  0    Dex: 21    Spells: 4/4 levels left

rFire   . . .        a - +0 short sword
rCold   . . .        (no shield)
rNeg    . . .        (helmet restricted)
rPois   .            e - amulet of magic regeneration
rElec   .            (no ring)
rCorr   .            (no ring)
SInv    .            (no ring)
Will    .....        (no ring)
Stlth   +++          (no ring)
HPRegen 0.26/turn    (no ring)
MPRegen 0.49/turn    (no ring)
                     (no ring)

%: no passive effects
@: weak-willed, very slow
A: almost no armour, amphibious, 8 rings, camouflage 1, gelatinous body 1,
(nimble swimmer 1), tentacles
a: Renounce Religion, Bend Time


You were on level 3 of the Dungeon.
You worshipped Cheibriados.
Cheibriados was pleased with you.
You visited 1 branch of the dungeon, and saw 3 of its levels.

You collected 145 gold pieces.

Inventory:

Hand Weapons
 a - a +0 short sword (weapon)
 k - a +0 dagger
 t - a +0 mace of holy wrath
Missiles
 m - 10 poisoned darts (quivered)
Armour
 c - an orb of light
Jewellery
 e - an amulet of magic regeneration (around mantle)
 h - an amulet of faith
Wands
 r - a wand of flame (15)
Scrolls
 g - a scroll of vulnerability
 p - a scroll of teleportation {unknown}
 s - a scroll of identify {unknown}
Potions
 b - a potion of ambrosia
 d - a potion of invisibility {unknown}
 f - 3 potions of heal wounds {unknown}
 i - a potion of resistance {unknown}
 j - a potion of brilliance {unknown}
 l - 2 potions of cancellation {unknown}
 n - a potion of berserk rage {unknown}
 o - a potion of might {unknown}
 q - 2 potions of lignification {unknown}
 u - a potion of haste {unknown}


   Skills:
 + Level 4.0 Fighting
 + Level 4.0 Short Blades
 + Level 4.0 Dodging


You had 4 spell levels left.
You didn't know any spells.
Your spell library contained the following spells:

 Spells                   Type           Power      Damage    Failure   Level
 Ozocubu's Armour         Ice            0%         N/A       50%         3
 Metabolic Englaciation   Hex/Ice        0%         N/A       99%         5
 Simulacrum               Ice/Necr       0%         N/A       100%        6


Dungeon Overview and Level Annotations

Branches:
Dungeon (3/15)

Altars:
Cheibriados
Fedhas

Shops:
D:2 *   D:3 *

Annotations:
D:3 exclusion: oklob plant


Innate Abilities, Weirdness & Mutations

You cannot wear most types of armour.
You are amphibious.
You can wear up to eight rings at the same time.
Your skin changes colour to match your surroundings (Stealth+).
Your rubbery body absorbs attacks. (AC +1, EV +1)
((You are camouflaged when in or above water. (Stealth+)))
You have tentacles for arms and can constrict up to eight enemies at once.


Message History

You hit the orc. You grab the orc.
The orc is moderately wounded.
You constrict the orc, but do no damage.
You constrict the orc. The orc hits you with a +0 dagger.
The orc barely misses you. Something hits you.
You hit the orc.
The orc is severely wounded.
You constrict the orc. x2
You kill the orc!
Cheibriados thoroughly appreciates the change of pace.
The orc hits you with a +0 dagger. Something hits you.
You barely miss something. Your squeeze misses something.
You constrict the orc. The orc closely misses you. Something barely misses you.
You hit something but do no damage. Your squeeze misses something.
You constrict the orc.
You kill the orc!
Cheibriados appreciates the change of pace.
Something hits you.
You hit the orc. You grab the orc.
The orc is lightly wounded.
You constrict the orc. You completely miss something. You squeeze something.
You constrict the orc. Something hits you.
* * * LOW HITPOINT WARNING * * *
The orc closely misses you.
Okay, then.
Okay, then.
As you read the scroll labelled GAUXKE JOEMEU, it crumbles to dust.
Magic quickly surges around you.
It was a scroll of vulnerability.
You constrict the orc. Something hits you.
* * * LOW HITPOINT WARNING * * *
The orc hits you with a +0 falchion.
* * * LOW HITPOINT WARNING * * *
You hit something. Your squeeze misses something. You constrict the orc.
You kill the orc!
Cheibriados appreciates the change of pace.
You hear some strange, mumbled words.
A magic dart appears from out of thin air!
The magic dart hits you.
You die...

#.## #.###.#..#. .###...#
#.......... ........###
####...#... ..........#
######..... .......♣..##
###.........#
....♣_♣..###....##...##..
.......♣.......# ###.###
#. .........{#)..####..[#
. .o......o)@........###
.........#####.∩...#
o........# ###...#
.......... ##..#
#########. #..>. # #...##
.....# ....... ......


You could see an orc (weak-willed).

Vanquished Creatures
  Terence (D:2)
  Jessica (D:2)
  2 adders (D:2)
  A worm (D:2)
  3 orcs (D:3)
  4 ball pythons
  4 endoplasms
  A giant cockroach (D:2)
  3 goblins
  3 hobgoblins (D:1)
  3 jackals (D:2)
  4 quokkas
  7 bats
  4 frilled lizards
  3 kobolds (D:1)
  8 rats
52 creatures vanquished.

Notes
Turn   | Place    | Note
-------+----------+-------------------------------------------
     0 | D:1      | croobank the Octopode Monk began the quest for the Orb.
     0 | D:1      | Reached XP level 1. HP: 16/16 MP: 1/1
   107 | D:1      | Reached XP level 2. HP: 21/21 MP: 2/2
   568 | D:1      | Reached XP level 3. HP: 19/26 MP: 3/3
   842 | D:2      | Noticed Terence
   870 | D:2      | Killed Terence
   871 | D:2      | Reached XP level 4. HP: 19/32 MP: 4/4
  1143 | D:2      | Noticed Jessica
  1152 | D:2      | Killed Jessica
  1204 | D:2      | Reached XP level 5. HP: 31/37 MP: 5/5
  1269 | D:2      | Found Wixuihaf's Assorted Antiques.
  1493 | D:3      | Found a blossoming altar of Fedhas.
  1506 | D:3      | Noticed an oklob plant
  1586 | D:3      | Found Vaahi's General Store.
  1593 | D:3      | Found a faded altar of an unknown god.
  1601 | D:3      | Prayed at the altar of an unknown god.
  1601 | D:3      | Became a worshipper of Cheibriados the Contemplative
  1601 | D:3      | Reached * piety under Cheibriados
  1601 | D:3      | Reached ** piety under Cheibriados
  1621 | D:3      | Killed from afar by an orc wizard

Illustrated notes

Levels and vault maps discovered:
D:1:      wander_arrival_chamber, layout_rooms, minmay_misc_feat_four_crosses,
          minmay_pentomino_o4
D:2:      layout_basic, serial_shops, nicolae_shop_waterfront, uniq_jessica,
          uniq_terence
D:3:      layout_rooms, tgw_fedhas, chequers_ecumenical_altar_simple,
          serial_shops, shop, uniq_natasha

Skill      XL: |  1  2  3  4 |
---------------+-------------+-----
Short Blades   | 4 |  4.0
Dodging        | 4 |  4.0
Fighting       | 4 |  4.0

Action                     |  1- 3 |  4- 6 || total
---------------------------+-------+-------++-------
  Melee: Short sword       |    59 |    53 ||   112
         Tentacles         |    14 |     8 ||    22
         Constrict         |    10 |    16 ||    26
  Throw: Dart              |     3 |     4 ||     7
    Use: Scroll            |       |     1 ||     1
   Stab: Sleeping          |     8 |     5 ||    13
 Armour: Skin              |     5 |     3 ||     8
  Dodge: Dodged            |    36 |    33 ||    69
